Moose vs Canucks

Created - November 28, 2025 at 20:59

Goals
1 2 3 OT1 T
Moose 1 2 1 1 5
Canucks 1 1 2 0 4
Shots
1 2 3 OT1 T
Moose 11 10 15 3 39
Canucks 16 10 16 0 42

1st period

1. Moose , Morgan Geekie 6 (Jake Leschyshyn 7) at 6:37 (PP)
2. Canucks , Tobias Lindberg 3 (Lane Pederson 5, Guillaume Brisebois 2) at 13:38

Penalties :
C.J. Smith (Abb) for Hooking (Minor) at 6:35, Adam Ollas-Mattsson (Abb) for Tripping (Minor) at 14:43, Caleb Jones (Man) for Slashing (Minor) at 18:47

2nd period

3. Moose , Eetu Luostarinen 6 (Jake Leschyshyn 8, Morgan Geekie 12) at 4:28
4. Moose , Morgan Geekie 7 (Eetu Luostarinen 7, Jake Leschyshyn 9) at 13:33
5. Canucks , Lane Pederson 6 (William Lockwood 8, Aleksi Heponiemi 6) at 15:45

Penalties :
Juuso Valimaki (Man) for Slashing (Minor) at 5:15

3rd period

6. Canucks , Axel Holmstrom 6 (Juho Lammikko 4, William Lagesson 5) at 3:34
7. Canucks , Juho Lammikko 1 (Axel Holmstrom 7) at 15:27 (PP)
8. Moose , Aliaksei Protas 1 (Juuso Valimaki 5, Mitchell Stephens 2) at 16:56

Penalties :
Pavel Gogolev (Abb) for Tripping (Minor) at 5:56, Isaak Phillips (Man) for Slashing (Minor) at 15:20

Overtime #1

9. Moose , Eetu Luostarinen 7 (Juuso Valimaki 6, Morgan Geekie 13) at 2:38

Penalties :
No Penalty

Goalie Stats

Karel Vejmelka (Man), 38 saves from 42 shots - (0.905), W, 6-3-1, 62:38 minutes
Casey DeSmith (Abb), 34 saves from 39 shots - (0.872), OTL, 5-4-3, 62:38 minutes

Players Stats for Moose

Player Name              G  A  P  +/- PIM S  H  SB GA TA FO     MP     PP MP  PK MP  
------------------------------------------------------------------------------------
                         0  0  0   0  0   0  0  0  0  0  0/0     0:00   0:00   0:00 
                         0  0  0   0  0   0  0  0  0  0  0/0     0:00   0:00   0:00 
                         0  0  0   0  0   0  0  0  0  0  0/0     0:00   0:00   0:00 
                         0  0  0   0  0   0  0  0  0  0  0/0     0:00   0:00   0:00 
                         0  0  0   0  0   0  0  0  0  0  0/0     0:00   0:00   0:00 
                         0  0  0   0  0   0  0  0  0  0  0/0     0:00   0:00   0:00 
                         0  0  0   0  0   0  0  0  0  0  0/0     0:00   0:00   0:00 
Adam Ginning             0  0  0   0  0   0  0  2  0  1  0/0    14:28   0:00   1:49 
Alexander Holtz          0  0  0   0  0   1  0  1  0  0  0/0     9:35   0:00   0:00 
Aliaksei Protas          1  0  1   0  0   2  1  0  0  1  0/0    12:40   0:00   0:00 
Axel Jonsson-Fjallby     0  0  0   0  0   2  0  0  0  0  0/0     9:35   0:00   0:00 
Boris Katchouk           0  0  0  -2  0   1  0  0  0  0  1/2    16:24   1:48   1:02 
Caleb Jones              0  0  0   0  2   1  0  1  0  1  0/0    26:01   2:12   1:36 
Cole Perfetti            0  0  0   0  0   0  3  0  0  0  0/0    13:15   0:00   0:35 
Eetu Luostarinen         2  1  3   3  0   8  2  1  3  0  0/2    23:41   2:12   2:45 
Isaak Phillips           0  0  0   0  2   1  0  0  0  0  0/0    12:29   0:00   0:00 
Jake Leschyshyn          0  3  3   2  0   2  2  0  1  0  13/31  20:40   1:55   2:42 
Jean-Luc Foudy           0  0  0   0  0   0  1  0  1  0  1/4     9:55   0:17   0:00 
Joey Keane               0  0  0   0  0   1  1  3  1  2  0/0    20:59   1:48   2:09 
Josh Mahura              0  0  0   0  0   4  1  1  0  0  0/0    19:47   1:48   0:57 
Juuso Valimaki           0  2  2   1  2   3  1  1  0  0  0/0    28:51   2:12   1:39 
Logan O'Connor           0  0  0  -2  0   5  0  0  1  1  0/0    15:22   1:48   0:00 
Mitchell Stephens        0  1  1   0  0   1  0  1  0  0  3/6    12:40   0:00   0:00 
Morgan Barron            0  0  0  -2  0   2  3  0  1  0  7/11   16:28   1:48   1:06 
Morgan Geekie            2  2  4   3  0   5  1  0  2  0  4/4    20:56   2:12   0:00 

Players Stats for Canucks

Player Name              G  A  P  +/- PIM S  H  SB GA TA FO     MP     PP MP  PK MP  
------------------------------------------------------------------------------------
                         0  0  0   0  0   0  0  0  0  0  0/0     0:00   0:00   0:00 
                         0  0  0   0  0   0  0  0  0  0  0/0     0:00   0:00   0:00 
                         0  0  0   0  0   0  0  0  0  0  0/0     0:00   0:00   0:00 
                         0  0  0   0  0   0  0  0  0  0  0/0     0:00   0:00   0:00 
                         0  0  0   0  0   0  0  0  0  0  0/0     0:00   0:00   0:00 
                         0  0  0   0  0   0  0  0  0  0  0/0     0:00   0:00   0:00 
                         0  0  0   0  0   0  0  0  0  0  0/0     0:00   0:00   0:00 
Adam Ollas-Mattsson      0  0  0  -1  2   4  1  2  0  2  0/0    28:39   2:39   1:04 
Aku Raty                 0  0  0  -1  0   1  0  0  0  0  0/0     6:24   0:00   0:00 
Aleksi Heponiemi         0  1  1  -1  0   1  1  0  0  0  6/12   17:01   1:40   0:00 
Axel Holmstrom           1  1  2   0  0   5  0  1  1  0  16/34  23:28   2:25   1:55 
C.J. Smith               0  0  0   1  2   0  2  0  0  0  1/2    20:02   2:25   1:08 
Daniil Miromanov         0  0  0  -1  0   1  2  0  1  0  0/0    21:43   1:26   1:52 
Guillaume Brisebois      0  1  1  -1  0   2  1  4  0  1  0/0    21:43   1:26   1:52 
Jack Rathbone            0  0  0   1  0   1  1  0  0  0  0/0    13:04   0:00   1:04 
Jackson Hallum           0  0  0  -1  0   0  1  0  0  0  0/1     7:49   0:00   0:33 
Juho Lammikko            1  1  2   0  0   8  0  1  1  1  3/5    23:28   2:25   1:55 
Kristian Vesalainen      0  0  0  -1  0   1  2  0  0  1  0/0    17:01   1:40   0:00 
Lane Pederson            1  1  2   1  0   3  1  0  0  1  3/3    11:59   0:00   0:00 
Maxim Letunov            0  0  0  -1  0   1  1  1  1  0  0/1     9:02   0:00   0:57 
Pavel Gogolev            0  0  0   1  2   2  1  0  1  0  2/2    14:03   0:00   0:24 
Tobias Lindberg          1  0  1   1  0   2  0  1  0  0  0/0    11:59   0:00   0:00 
Will Borgen              0  0  0   1  0   0  2  3  0  1  0/0    12:00   0:00   0:00 
William Lagesson         0  1  1   0  0   1  0  0  1  3  0/0    26:17   2:39   2:08 
William Lockwood         0  1  1  -1  0   9  2  1  0  0  0/0    18:09   1:40   1:08 

3 Stars

1 - Morgan Geekie (Man)
2 - Eetu Luostarinen (Man)
3 - Jake Leschyshyn (Man)

Power Play

Moose - 1 on 3 Attempt(s) - 33.33%
Canucks - 1 on 3 Attempt(s) - 33.33%

Penalty Kill

Moose - 2 on 3 Attempt(s) - 66.67% - Score 0 goal in Penalty Kill
Canucks - 2 on 3 Attempt(s) - 66.67% - Score 0 goal in Penalty Kill

Team Stat

Moose - Hits : 16 - Faceoff Wins : 29 - Blocked Shots : 11 - Penalty Minutes : 6
Canucks - Hits : 18 - Faceoff Wins : 31 - Blocked Shots : 14 - Penalty Minutes : 6

Official

Referees : Kevin Pollock and Garrett Rank
Linesman : Shandor Alphonso and Scott Cherrey

Game Notes

No Game Note

Finance

Level 1 -- Attendance: 1973 (98.65%) -- Ticket Income $138,110
Level 2 -- Attendance: 893 (89.30%) -- Ticket Income $35,720
Total Attendance: 2866 (95.53%)
Total Ticket Income: $173,830
Other Income: $8,692
Total Income: $182,522

Moose

5 vs 5 Forward 
   Center                   Left Wing                Right Wing               Time % Phy DF OF 
 1 Jake Leschyshyn          Eetu Luostarinen         Morgan Geekie            35     1   2  2  
 2 Morgan Barron            Boris Katchouk           Logan O'Connor           30     1   2  2  
 3 Mitchell Stephens        Cole Perfetti            Aliaksei Protas          20     1   2  2  
 4 Jean-Luc Foudy           Axel Jonsson-Fjallby     Alexander Holtz          15     1   2  2  

5 vs 5 Defense 
   Defense                  Defense                                           Time % Phy DF OF 
 1 Juuso Valimaki           Caleb Jones                                       40     1   2  2  
 2 Josh Mahura              Joey Keane                                        30     1   2  2  
 3 Adam Ginning             Isaak Phillips                                    20     1   2  2  
 4 Juuso Valimaki           Caleb Jones                                       10     1   2  2  

PowerPlay Forward 
   Center                   Left Wing                Right Wing               Time % Phy DF OF 
 1 Jake Leschyshyn          Eetu Luostarinen         Morgan Geekie            60     1   2  2  
 2 Morgan Barron            Boris Katchouk           Logan O'Connor           40     1   2  2  

PowerPlay Defense
   Defense                  Defense                                           Time % Phy DF OF 
 1 Juuso Valimaki           Caleb Jones                                       60     1   2  2  
 2 Josh Mahura              Joey Keane                                        40     1   2  2  

Penalty Kill 4 Players Forward 
   Center                   Wing                     Time % Phy DF OF 
 1 Jake Leschyshyn          Eetu Luostarinen         60     1   2  2  
 2 Morgan Barron            Boris Katchouk           40     1   2  2  

Penalty Kill 4 Players Defense
   Defense                  Defense                  Time % Phy DF OF 
 1 Juuso Valimaki           Caleb Jones              60     1   2  2  
 2 Josh Mahura              Joey Keane               40     1   2  2  

Penalty Kill - 3 Players Forward 
   Forward                                           Time % Phy DF OF 
 1 Jake Leschyshyn                                   60     1   2  2  
 2 Morgan Barron                                     40     1   2  2  

Penalty Kill - 3 Players Defense
   Defense                  Defense                  Time % Phy DF OF 
 1 Juuso Valimaki           Caleb Jones              60     1   2  2  
 2 Josh Mahura              Joey Keane               40     1   2  2  

4 vs 4 Forward 
   Center                   Wing                     Time % Phy DF OF 
 1 Jake Leschyshyn          Eetu Luostarinen         60     1   2  2  
 2 Morgan Barron            Boris Katchouk           40     1   2  2  

4 vs 4 Defense
   Defense                  Defense                  Time % Phy DF OF 
 1 Juuso Valimaki           Caleb Jones              60     1   2  2  
 2 Josh Mahura              Joey Keane               40     1   2  2  

Last Minutes Offensive
   Center                   Left Wing                Right Wing               Defense                  Defense                  
   Jake Leschyshyn          Eetu Luostarinen         Morgan Geekie            Juuso Valimaki           Caleb Jones              

Last Minutes Defensive
   Center                   Left Wing                Right Wing               Defense                  Defense                  
   Jake Leschyshyn          Eetu Luostarinen         Morgan Geekie            Juuso Valimaki           Caleb Jones              

Goaltenders
Starting : Karel Vejmelka           
Backup : Daniel Vladar            

Extra Forwards
Normal : Boris Katchouk, Morgan Barron, Axel Jonsson-Fjallby - PP : Boris Katchouk, Morgan Barron - PK : Boris Katchouk
Extra Defensemen
Normal : Joey Keane, Adam Ginning, Isaak Phillips - PP : Joey Keane - PK : Joey Keane, Adam Ginning
Penalty Shots
Eetu Luostarinen, Morgan Geekie, Jake Leschyshyn, Logan O'Connor, Boris Katchouk
Custom OT Lines Forwards
Eetu Luostarinen, Morgan Geekie, Jake Leschyshyn, Logan O'Connor, Boris Katchouk, Morgan Barron, Axel Jonsson-Fjallby, Mitchell Stephens, Aliaksei Protas, Cole Perfetti
Custom OT Lines Defensemen
Juuso Valimaki, Caleb Jones, Josh Mahura, Joey Keane, Adam Ginning

Scratches
Elliot Desnoyers (Healthy), Riley Damiani (Healthy), Brett Berard (Healthy), Daemon Hunt (Healthy), Marat Khusnutdinov (Healthy)
Jaret Anderson-Dolan (Healthy), Mikael Pyyhtia (Healthy), Tyrel Bauer (Healthy), Julien Gauthier (Healthy), John Beecher (Healthy)
Juuso Parssinen (Healthy), Lukas Rousek (Healthy), Olle Eriksson Ek (Healthy)

Canucks

5 vs 5 Forward 
   Center                   Left Wing                Right Wing               Time % Phy DF OF 
 1 Axel Holmstrom           C.J. Smith               Juho Lammikko            40     1   2  2  
 2 Aleksi Heponiemi         Kristian Vesalainen      William Lockwood         30     1   2  2  
 3 Lane Pederson            Pavel Gogolev            Tobias Lindberg          20     1   2  2  
 4 Maxim Letunov            Jackson Hallum           Aku Raty                 10     1   2  2  

5 vs 5 Defense 
   Defense                  Defense                                           Time % Phy DF OF 
 1 Adam Ollas-Mattsson      William Lagesson                                  40     1   2  2  
 2 Daniil Miromanov         Guillaume Brisebois                               30     1   2  2  
 3 Will Borgen              Jack Rathbone                                     20     1   2  2  
 4 Adam Ollas-Mattsson      William Lagesson                                  10     1   2  2  

PowerPlay Forward 
   Center                   Left Wing                Right Wing               Time % Phy DF OF 
 1 Axel Holmstrom           C.J. Smith               Juho Lammikko            60     1   2  2  
 2 Aleksi Heponiemi         Kristian Vesalainen      William Lockwood         40     1   2  2  

PowerPlay Defense
   Defense                  Defense                                           Time % Phy DF OF 
 1 Adam Ollas-Mattsson      William Lagesson                                  60     1   2  2  
 2 Daniil Miromanov         Guillaume Brisebois                               40     1   2  2  

Penalty Kill 4 Players Forward 
   Center                   Wing                     Time % Phy DF OF 
 1 Juho Lammikko            Axel Holmstrom           60     1   2  2  
 2 C.J. Smith               William Lockwood         40     1   2  2  

Penalty Kill 4 Players Defense
   Defense                  Defense                  Time % Phy DF OF 
 1 Adam Ollas-Mattsson      William Lagesson         60     1   2  2  
 2 Daniil Miromanov         Guillaume Brisebois      40     1   2  2  

Penalty Kill - 3 Players Forward 
   Forward                                           Time % Phy DF OF 
 1 Juho Lammikko                                     60     1   2  2  
 2 Axel Holmstrom                                    40     1   2  2  

Penalty Kill - 3 Players Defense
   Defense                  Defense                  Time % Phy DF OF 
 1 Adam Ollas-Mattsson      William Lagesson         60     1   2  2  
 2 Daniil Miromanov         Guillaume Brisebois      40     1   2  2  

4 vs 4 Forward 
   Center                   Wing                     Time % Phy DF OF 
 1 Juho Lammikko            Axel Holmstrom           60     1   2  2  
 2 C.J. Smith               William Lockwood         40     1   2  2  

4 vs 4 Defense
   Defense                  Defense                  Time % Phy DF OF 
 1 Adam Ollas-Mattsson      William Lagesson         60     1   2  2  
 2 Daniil Miromanov         Guillaume Brisebois      40     1   2  2  

Last Minutes Offensive
   Center                   Left Wing                Right Wing               Defense                  Defense                  
   Axel Holmstrom           C.J. Smith               Juho Lammikko            Adam Ollas-Mattsson      William Lagesson         

Last Minutes Defensive
   Center                   Left Wing                Right Wing               Defense                  Defense                  
   Axel Holmstrom           C.J. Smith               Juho Lammikko            Adam Ollas-Mattsson      William Lagesson         

Goaltenders
Starting : Casey DeSmith            
Backup : Ian Scott                

Extra Forwards
Normal : Lane Pederson, Tobias Lindberg, Maxim Letunov - PP : Lane Pederson, Tobias Lindberg - PK : Maxim Letunov
Extra Defensemen
Normal : Will Borgen, Jack Rathbone, Daniil Miromanov - PP : Will Borgen - PK : Jack Rathbone, Daniil Miromanov
Penalty Shots
Juho Lammikko, Axel Holmstrom, C.J. Smith, William Lockwood, Aleksi Heponiemi
Custom OT Lines Forwards
Juho Lammikko, Axel Holmstrom, C.J. Smith, William Lockwood, Aleksi Heponiemi, Lane Pederson, Tobias Lindberg, Maxim Letunov, Kristian Vesalainen, Pavel Gogolev
Custom OT Lines Defensemen
Adam Ollas-Mattsson, William Lagesson, Daniil Miromanov, Guillaume Brisebois, Will Borgen

Scratches
Albert Lyckasen (Healthy), Ryan O'Rourke (Healthy), Michael Benning (Healthy), Jakob Forsbacka-Karlsson (Healthy), Jay O'Brien (Healthy)
John Hayden (Healthy), Chase Yoder (Healthy), Michael Kesselring (Healthy), Jonathan Kovacevic (Healthy), Rasmus Asplund (Healthy)
Jan Bednar (Healthy)

% Time on Ice - Moose

Lines # - Real PCT - Wanted PCT - Time Play
Normal Forward
1 - 31% - 35% - 16:06
2 - 26% - 30% - 13:34
3 - 24% - 20% - 12:40
4 - 18% - 15% - 9:35
Normal Defense
1 - 38% - 40% - 19:51
2 - 33% - 30% - 17:02
3 - 24% - 20% - 12:30
4 - 5% - 10% - 2:32
PP Forward
1 - 55% - 60% - 2:12
2 - 45% - 40% - 1:48
PP Defense
1 - 55% - 60% - 2:12
2 - 45% - 40% - 1:48
PK Forward
1 - 82% - 60% - 3:20
2 - 18% - 40% - 0:45
PK Defense
1 - 77% - 60% - 3:08
2 - 23% - 40% - 0:57
PK3 Forward
1 - 0% - 60%
2 - 0% - 40%
PK3 Defense
1 - 0% - 60%
2 - 0% - 40%
44 Forward
1 - 0% - 60%
2 - 0% - 40%
44 Defense
1 - 0% - 60%
2 - 0% - 40%
Last Minute Offensive  - 0:00
Last Minute Defensive  - 0:00
Total
Forward - 60:00
Defense - 60:00

% Time on Ice - Canucks

Lines # - Real PCT - Wanted PCT - Time Play
Normal Forward
1 - 35% - 40% - 18:11
2 - 30% - 30% - 15:21
3 - 23% - 20% - 11:59
4 - 12% - 10% - 6:24
Normal Defense
1 - 38% - 40% - 19:58
2 - 34% - 30% - 17:36
3 - 23% - 20% - 12:00
4 - 5% - 10% - 2:21
PP Forward
1 - 59% - 60% - 2:25
2 - 41% - 40% - 1:40
PP Defense
1 - 65% - 60% - 2:39
2 - 35% - 40% - 1:26
PK Forward
1 - 72% - 60% - 2:52
2 - 28% - 40% - 1:08
PK Defense
1 - 59% - 60% - 2:21
2 - 41% - 40% - 1:39
PK3 Forward
1 - 0% - 60%
2 - 0% - 40%
PK3 Defense
1 - 0% - 60%
2 - 0% - 40%
44 Forward
1 - 0% - 60%
2 - 0% - 40%
44 Defense
1 - 0% - 60%
2 - 0% - 40%
Last Minute Offensive  - 0:00
Last Minute Defensive  - 0:00
Total
Forward - 60:00
Defense - 60:00

Play-by-Play

1st period


0:01 of 1st period - Axel Holmstrom wins face-off versus Jake Leschyshyn in neutral zone.
0:35 of 1st period - Slapshot by Juuso Valimaki.
0:35 of 1st period - Shot Misses the Net.
0:39 of 1st period - Slapshot by Juuso Valimaki.
0:39 of 1st period - Stopped by Casey DeSmith without a rebound.
0:40 of 1st period - Boris Katchouk wins face-off versus Aleksi Heponiemi in Canucks zone.
1:05 of 1st period - Josh Mahura is hit by Will Borgen and loses puck.
1:42 of 1st period - Snap shot by Jake Leschyshyn.
1:42 of 1st period - Shot Misses the Net.
2:46 of 1st period - Snap shot by Axel Jonsson-Fjallby.
2:46 of 1st period - Stopped by Casey DeSmith with a rebound.
3:26 of 1st period - Snap shot by William Lockwood.
3:26 of 1st period - Deflect By Aleksi Heponiemi.
3:26 of 1st period - Shot Blocked by Caleb Jones.
3:26 of 1st period - Puck is out of play.
3:27 of 1st period - Mitchell Stephens wins face-off versus Aleksi Heponiemi in Moose zone.
4:19 of 1st period - Wrist shot by Aleksi Heponiemi.
4:19 of 1st period - Shot Misses the Net.
4:21 of 1st period - Snap shot by William Lockwood.
4:21 of 1st period - Shot Blocked by Joey Keane.
4:23 of 1st period - Slapshot by Kristian Vesalainen.
4:23 of 1st period - Stopped by Karel Vejmelka with a rebound.
4:33 of 1st period - Wrist shot by Aleksi Heponiemi.
4:33 of 1st period - Shot Misses the Net.
4:35 of 1st period - Wrist shot by William Lockwood.
4:35 of 1st period - Stopped by Karel Vejmelka with a rebound.
4:37 of 1st period - Slapshot by Adam Ollas-Mattsson.
4:37 of 1st period - Deflect By Josh Mahura.
4:37 of 1st period - Stopped by Karel Vejmelka with a rebound.
4:39 of 1st period - Snap shot by William Lockwood.
4:39 of 1st period - Shot Blocked by Mitchell Stephens.
4:59 of 1st period - Wrist shot by William Lockwood.
4:59 of 1st period - Stopped by Karel Vejmelka with a rebound.
5:41 of 1st period - Snap shot by William Lockwood.
5:41 of 1st period - Stopped by Karel Vejmelka without a rebound.
5:42 of 1st period - Axel Holmstrom wins face-off versus Boris Katchouk in Moose zone.
5:43 of 1st period - Wrist shot by Juho Lammikko.
5:43 of 1st period - Stopped by Karel Vejmelka with a rebound.
5:58 of 1st period - Wrist shot by C.J. Smith.
5:58 of 1st period - Deflect By Juho Lammikko.
5:58 of 1st period - Shot Misses the Net.
5:58 of 1st period - Puck is out of play.
5:59 of 1st period - Pavel Gogolev wins face-off versus Jake Leschyshyn in Moose zone.
6:12 of 1st period - Wrist shot by Eetu Luostarinen.
6:12 of 1st period - Stopped by Casey DeSmith without a rebound.
6:13 of 1st period - Axel Holmstrom wins face-off versus Morgan Barron in Canucks zone.
6:22 of 1st period - Snap shot by Juho Lammikko.
6:22 of 1st period - Stopped by Karel Vejmelka without a rebound.
6:23 of 1st period - Morgan Barron wins face-off versus C.J. Smith in Moose zone.
6:35 of 1st period - Minor Penalty to C.J. Smith for Hooking.
6:36 of 1st period - Jake Leschyshyn wins face-off versus Juho Lammikko in Canucks zone.
6:37 of 1st period - Snap shot by Morgan Geekie.
6:37 of 1st period - Goal by Morgan Geekie - Moose : 1 - Canucks : 0.
6:38 of 1st period - Jake Leschyshyn wins face-off versus Axel Holmstrom in neutral zone.
7:37 of 1st period - Slapshot by Alexander Holtz.
7:37 of 1st period - Stopped by Casey DeSmith with a rebound.
8:29 of 1st period - Josh Mahura is hit by Pavel Gogolev and loses puck.
8:58 of 1st period - Josh Mahura is hit by Will Borgen and loses puck.
9:13 of 1st period - Snap shot by Alexander Holtz.
9:13 of 1st period - Shot Misses the Net.
9:38 of 1st period - Wrist shot by William Lockwood.
9:38 of 1st period - Stopped by Karel Vejmelka with a rebound.
10:21 of 1st period - Snap shot by Eetu Luostarinen.
10:21 of 1st period - Stopped by Casey DeSmith with a rebound.
10:29 of 1st period - Slapshot by Morgan Geekie.
10:29 of 1st period - Shot Misses the Net.
10:45 of 1st period - Wrist shot by Alexander Holtz.
10:45 of 1st period - Shot Misses the Net.
10:47 of 1st period - Slapshot by Isaak Phillips.
10:47 of 1st period - Stopped by Casey DeSmith without a rebound.
10:48 of 1st period - Jean-Luc Foudy wins face-off versus Axel Holmstrom in Canucks zone.
12:05 of 1st period - Off-side.
12:06 of 1st period - Mitchell Stephens wins face-off versus Axel Holmstrom in neutral zone.
12:08 of 1st period - Off-side.
12:09 of 1st period - Axel Holmstrom wins face-off versus Jake Leschyshyn in neutral zone.
12:27 of 1st period - Adam Ollas-Mattsson is hit by Eetu Luostarinen and loses puck.
12:34 of 1st period - Juuso Valimaki is hit by Adam Ollas-Mattsson and loses puck.
13:13 of 1st period - William Lagesson is hit by Eetu Luostarinen and loses puck.
13:24 of 1st period - Snap shot by Juho Lammikko.
13:24 of 1st period - Deflect By Axel Holmstrom.
13:24 of 1st period - Stopped by Karel Vejmelka without a rebound.
13:25 of 1st period - Lane Pederson wins face-off versus Morgan Barron in Moose zone.
13:30 of 1st period - Snap shot by Lane Pederson.
13:30 of 1st period - Stopped by Karel Vejmelka with a rebound.
13:38 of 1st period - Wrist shot by Tobias Lindberg.
13:38 of 1st period - Deflect By Boris Katchouk.
13:38 of 1st period - Goal by Tobias Lindberg - Moose : 1 - Canucks : 1.
13:39 of 1st period - Morgan Barron wins face-off versus Aleksi Heponiemi in neutral zone.
13:46 of 1st period - Snap shot by Logan O'Connor.
13:46 of 1st period - Stopped by Casey DeSmith with a rebound.
13:48 of 1st period - Snap shot by Logan O'Connor.
13:48 of 1st period - Stopped by Casey DeSmith with a rebound.
13:50 of 1st period - Wrist shot by Boris Katchouk.
13:50 of 1st period - Stopped by Casey DeSmith with a rebound.
13:52 of 1st period - Wrist shot by Logan O'Connor.
13:52 of 1st period - Stopped by Casey DeSmith with a rebound.
14:06 of 1st period - Wrist shot by Axel Jonsson-Fjallby.
14:06 of 1st period - Shot Hit the Post.
14:26 of 1st period - Slapshot by Daniil Miromanov.
14:26 of 1st period - Stopped by Karel Vejmelka with a rebound.
14:28 of 1st period - Backhand shot by Guillaume Brisebois.
14:28 of 1st period - Shot Blocked by Juuso Valimaki.
14:30 of 1st period - Wrist shot by Guillaume Brisebois.
14:30 of 1st period - Shot Misses the Net.
14:32 of 1st period - Slapshot by Daniil Miromanov.
14:32 of 1st period - Shot Misses the Net.
14:34 of 1st period - Snap shot by Aku Raty.
14:34 of 1st period - Stopped by Karel Vejmelka with a rebound.
14:43 of 1st period - Minor Penalty to Adam Ollas-Mattsson for Tripping.
14:44 of 1st period - Juho Lammikko wins face-off versus Eetu Luostarinen in Canucks zone.
16:02 of 1st period - Morgan Barron is hit by Daniil Miromanov and loses puck.
16:13 of 1st period - C.J. Smith is hit by Morgan Geekie and loses puck.
16:43 of 1st period - Penalty to Adam Ollas-Mattsson is over, Adam Ollas-Mattsson is back on ice.
16:59 of 1st period - Snap shot by Adam Ollas-Mattsson.
16:59 of 1st period - Shot Blocked by Alexander Holtz.
17:17 of 1st period - Wrist shot by Pavel Gogolev.
17:17 of 1st period - Shot Misses the Net.
17:19 of 1st period - Wrist shot by Adam Ollas-Mattsson.
17:19 of 1st period - Stopped by Karel Vejmelka with a rebound.
17:21 of 1st period - Slapshot by Guillaume Brisebois.
17:21 of 1st period - Stopped by Karel Vejmelka with a rebound.
17:23 of 1st period - Slapshot by Maxim Letunov.
17:23 of 1st period - Shot Misses the Net.
17:25 of 1st period - Snap shot by Maxim Letunov.
17:25 of 1st period - Shot Misses the Net.
17:27 of 1st period - Slapshot by Daniil Miromanov.
17:27 of 1st period - Shot Misses the Net.
17:29 of 1st period - Wrist shot by Adam Ollas-Mattsson.
17:29 of 1st period - Shot Misses the Net.
17:31 of 1st period - Wrist shot by Adam Ollas-Mattsson.
17:31 of 1st period - Stopped by Karel Vejmelka without a rebound.
17:32 of 1st period - C.J. Smith wins face-off versus Jake Leschyshyn in Moose zone.
17:59 of 1st period - Cole Perfetti is hit by William Lockwood and loses puck.
18:06 of 1st period - Slapshot by Isaak Phillips.
18:06 of 1st period - Shot Blocked by Will Borgen.
18:26 of 1st period - Lane Pederson is hit by Juuso Valimaki and loses puck.
18:47 of 1st period - Minor Penalty to Caleb Jones for Slashing.
18:48 of 1st period - Jake Leschyshyn wins face-off versus Axel Holmstrom in Moose zone.
19:13 of 1st period - Joey Keane is hit by William Lockwood and loses puck.
Goals for this period are 1 for Moose vs 1 for Canucks.
Shots for this period are 11 for Moose vs 16 for Canucks.

2nd period


0:01 of 2nd period - Juho Lammikko wins face-off versus Jake Leschyshyn in neutral zone.
0:32 of 2nd period - Jake Leschyshyn is hit by Aleksi Heponiemi and loses puck.
0:47 of 2nd period - Penalty to Caleb Jones is over, Caleb Jones is back on ice.
1:03 of 2nd period - Wrist shot by Cole Perfetti.
1:03 of 2nd period - Shot Hit the Post.
1:07 of 2nd period - Snap shot by Cole Perfetti.
1:07 of 2nd period - Shot Blocked by Guillaume Brisebois.
1:09 of 2nd period - Wrist shot by Aliaksei Protas.
1:09 of 2nd period - Stopped by Casey DeSmith with a rebound.
1:11 of 2nd period - Slapshot by Aliaksei Protas.
1:11 of 2nd period - Shot Misses the Net.
1:25 of 2nd period - Maxim Letunov is hit by Josh Mahura and loses puck.
1:32 of 2nd period - Daniil Miromanov is hit by Morgan Barron and loses puck.
1:45 of 2nd period - Wrist shot by Morgan Barron.
1:45 of 2nd period - Shot Misses the Net.
1:48 of 2nd period - Icing by William Lockwood.
1:49 of 2nd period - Aleksi Heponiemi wins face-off versus Jean-Luc Foudy in Canucks zone.
3:01 of 2nd period - Caleb Jones is hit by Jack Rathbone and loses puck.
3:27 of 2nd period - Slapshot by Caleb Jones.
3:27 of 2nd period - Shot Misses the Net.
3:49 of 2nd period - Snap shot by Logan O'Connor.
3:49 of 2nd period - Shot Blocked by William Lockwood.
3:51 of 2nd period - Wrist shot by Morgan Barron.
3:51 of 2nd period - Stopped by Casey DeSmith with a rebound.
4:06 of 2nd period - Off-side.
4:07 of 2nd period - Morgan Geekie wins face-off versus Axel Holmstrom in neutral zone.
4:28 of 2nd period - Wrist shot by Jake Leschyshyn.
4:28 of 2nd period - Deflect By Eetu Luostarinen.
4:28 of 2nd period - Goal by Eetu Luostarinen - Moose : 2 - Canucks : 1.
4:29 of 2nd period - Axel Holmstrom wins face-off versus Jake Leschyshyn in neutral zone.
4:32 of 2nd period - Jake Leschyshyn is hit by C.J. Smith and loses puck.
4:37 of 2nd period - Snap shot by Axel Holmstrom.
4:37 of 2nd period - Stopped by Karel Vejmelka with a rebound.
4:45 of 2nd period - Slapshot by Juuso Valimaki.
4:45 of 2nd period - Shot Misses the Net.
5:15 of 2nd period - Minor Penalty to Juuso Valimaki for Slashing.
5:16 of 2nd period - Axel Holmstrom wins face-off versus Jake Leschyshyn in Moose zone.
5:21 of 2nd period - Wrist shot by Axel Holmstrom.
5:21 of 2nd period - Deflect By Juho Lammikko.
5:21 of 2nd period - Stopped by Karel Vejmelka with a rebound.
5:23 of 2nd period - Snap shot by Axel Holmstrom.
5:23 of 2nd period - Shot Misses the Net.
5:29 of 2nd period - Snap shot by Juho Lammikko.
5:29 of 2nd period - Stopped by Karel Vejmelka without a rebound.
5:30 of 2nd period - Juho Lammikko wins face-off versus Jake Leschyshyn in Moose zone.
5:41 of 2nd period - Joey Keane is hit by C.J. Smith and loses puck.
7:15 of 2nd period - Penalty to Juuso Valimaki is over, Juuso Valimaki is back on ice.
7:25 of 2nd period - Wrist shot by Axel Jonsson-Fjallby.
7:25 of 2nd period - Shot Misses the Net.
7:27 of 2nd period - Slapshot by Josh Mahura.
7:27 of 2nd period - Shot Misses the Net.
7:29 of 2nd period - Slapshot by Josh Mahura.
7:29 of 2nd period - Stopped by Casey DeSmith with a rebound.
7:31 of 2nd period - Slapshot by Josh Mahura.
7:31 of 2nd period - Stopped by Casey DeSmith without a rebound.
7:32 of 2nd period - Morgan Barron wins face-off versus Jackson Hallum in Canucks zone.
7:33 of 2nd period - Snap shot by Boris Katchouk.
7:33 of 2nd period - Shot Misses the Net.
7:35 of 2nd period - Snap shot by Boris Katchouk.
7:35 of 2nd period - Shot Blocked by Guillaume Brisebois.
7:57 of 2nd period - Josh Mahura is hit by Guillaume Brisebois and loses puck.
9:03 of 2nd period - Slapshot by Guillaume Brisebois.
9:03 of 2nd period - Stopped by Karel Vejmelka without a rebound.
9:04 of 2nd period - Jake Leschyshyn wins face-off versus Aleksi Heponiemi in Moose zone.
9:34 of 2nd period - Slapshot by William Lagesson.
9:34 of 2nd period - Stopped by Karel Vejmelka without a rebound.
9:35 of 2nd period - Morgan Barron wins face-off versus Axel Holmstrom in Moose zone.
9:58 of 2nd period - Slapshot by Juuso Valimaki.
9:58 of 2nd period - Deflect By Morgan Barron.
9:58 of 2nd period - Stopped by Casey DeSmith with a rebound.
10:06 of 2nd period - Wrist shot by Axel Holmstrom.
10:06 of 2nd period - Stopped by Karel Vejmelka with a rebound.
10:26 of 2nd period - Wrist shot by Juho Lammikko.
10:26 of 2nd period - Shot Blocked by Joey Keane.
10:28 of 2nd period - Slapshot by Daniil Miromanov.
10:28 of 2nd period - Shot Blocked by Joey Keane.
10:30 of 2nd period - Slapshot by Juho Lammikko.
10:30 of 2nd period - Stopped by Karel Vejmelka without a rebound.
10:31 of 2nd period - Aleksi Heponiemi wins face-off versus Jake Leschyshyn in Moose zone.
10:40 of 2nd period - Snap shot by William Lockwood.
10:40 of 2nd period - Shot Misses the Net.
10:58 of 2nd period - Pavel Gogolev is hit by Aliaksei Protas and loses puck.
11:21 of 2nd period - Slapshot by William Lagesson.
11:21 of 2nd period - Shot Misses the Net.
11:55 of 2nd period - Snap shot by Mitchell Stephens.
11:55 of 2nd period - Deflect By Cole Perfetti.
11:55 of 2nd period - Shot Blocked by Juho Lammikko.
11:55 of 2nd period - Puck is out of play.
11:56 of 2nd period - Axel Holmstrom wins face-off versus Mitchell Stephens in Canucks zone.
12:03 of 2nd period - Slapshot by Josh Mahura.
12:03 of 2nd period - Shot Blocked by Guillaume Brisebois.
12:05 of 2nd period - Slapshot by Josh Mahura.
12:05 of 2nd period - Stopped by Casey DeSmith without a rebound.
12:06 of 2nd period - Jake Leschyshyn wins face-off versus Axel Holmstrom in Canucks zone.
12:09 of 2nd period - Slapshot by Morgan Geekie.
12:09 of 2nd period - Stopped by Casey DeSmith with a rebound.
12:11 of 2nd period - Snap shot by Jake Leschyshyn.
12:11 of 2nd period - Stopped by Casey DeSmith with a rebound.
12:13 of 2nd period - Snap shot by Morgan Geekie.
12:13 of 2nd period - Shot Misses the Net.
12:37 of 2nd period - Juuso Valimaki is hit by Daniil Miromanov and loses puck.
13:17 of 2nd period - Off-side.
13:18 of 2nd period - Jake Leschyshyn wins face-off versus Maxim Letunov in neutral zone.
13:33 of 2nd period - Snap shot by Morgan Geekie.
13:33 of 2nd period - Goal by Morgan Geekie - Moose : 3 - Canucks : 1.
13:34 of 2nd period - Axel Holmstrom wins face-off versus Jake Leschyshyn in neutral zone.
14:01 of 2nd period - Kristian Vesalainen is hit by Morgan Barron and loses puck.
14:23 of 2nd period - Slapshot by Josh Mahura.
14:23 of 2nd period - Shot Blocked by Tobias Lindberg.
15:06 of 2nd period - Slapshot by Eetu Luostarinen.
15:06 of 2nd period - Shot Blocked by Will Borgen.
15:08 of 2nd period - Slapshot by Eetu Luostarinen.
15:08 of 2nd period - Shot Blocked by Axel Holmstrom.
15:10 of 2nd period - Snap shot by Morgan Geekie.
15:10 of 2nd period - Shot Blocked by Will Borgen.
15:26 of 2nd period - Jack Rathbone is hit by Joey Keane and loses puck.
15:43 of 2nd period - Snap shot by William Lockwood.
15:43 of 2nd period - Stopped by Karel Vejmelka with a rebound.
15:45 of 2nd period - Snap shot by Lane Pederson.
15:45 of 2nd period - Goal by Lane Pederson - Moose : 3 - Canucks : 2.
15:46 of 2nd period - Axel Holmstrom wins face-off versus Jake Leschyshyn in neutral zone.
15:57 of 2nd period - Wrist shot by Juho Lammikko.
15:57 of 2nd period - Stopped by Karel Vejmelka with a rebound.
17:15 of 2nd period - Slapshot by Daniil Miromanov.
17:15 of 2nd period - Shot Blocked by Josh Mahura.
18:57 of 2nd period - Icing by Eetu Luostarinen.
18:58 of 2nd period - Morgan Barron wins face-off versus Aleksi Heponiemi in Moose zone.
18:58 of 2nd period - Morgan Barron is hit by Kristian Vesalainen.
19:33 of 2nd period - Daniil Miromanov is hit by Cole Perfetti and loses puck.
19:50 of 2nd period - Snap shot by Morgan Geekie.
19:50 of 2nd period - Shot Hit the Post.
Goals for this period are 2 for Moose vs 1 for Canucks.
Shots for this period are 10 for Moose vs 10 for Canucks.

3rd period


0:01 of 3rd period - Axel Holmstrom wins face-off versus Jake Leschyshyn in neutral zone.
0:36 of 3rd period - Wrist shot by Logan O'Connor.
0:36 of 3rd period - Deflect By Morgan Barron.
0:36 of 3rd period - Shot Blocked by Adam Ollas-Mattsson.
0:36 of 3rd period - Puck is out of play.
0:37 of 3rd period - Morgan Barron wins face-off versus Axel Holmstrom in Canucks zone.
0:42 of 3rd period - Wrist shot by Logan O'Connor.
0:42 of 3rd period - Stopped by Casey DeSmith with a rebound.
1:02 of 3rd period - Morgan Geekie is hit by Lane Pederson and loses puck.
2:15 of 3rd period - Slapshot by Caleb Jones.
2:15 of 3rd period - Deflect By Logan O'Connor.
2:15 of 3rd period - Stopped by Casey DeSmith with a rebound.
2:17 of 3rd period - Snap shot by Boris Katchouk.
2:17 of 3rd period - Shot Blocked by Maxim Letunov.
2:19 of 3rd period - Slapshot by Logan O'Connor.
2:19 of 3rd period - Shot Misses the Net.
2:21 of 3rd period - Slapshot by Caleb Jones.
2:21 of 3rd period - Stopped by Casey DeSmith without a rebound.
2:22 of 3rd period - Aleksi Heponiemi wins face-off versus Jake Leschyshyn in Canucks zone.
2:22 of 3rd period - Aleksi Heponiemi is hit by Jake Leschyshyn.
2:34 of 3rd period - Snap shot by William Lockwood.
2:34 of 3rd period - Stopped by Karel Vejmelka with a rebound.
2:54 of 3rd period - Snap shot by Logan O'Connor.
2:54 of 3rd period - Shot Misses the Net.
2:56 of 3rd period - Slapshot by Josh Mahura.
2:56 of 3rd period - Shot Misses the Net.
2:58 of 3rd period - Snap shot by Josh Mahura.
2:58 of 3rd period - Deflect By Logan O'Connor.
2:58 of 3rd period - Shot Misses the Net.
2:58 of 3rd period - Puck is out of play.
2:59 of 3rd period - Aleksi Heponiemi wins face-off versus Jake Leschyshyn in Canucks zone.
3:03 of 3rd period - Icing by Adam Ollas-Mattsson.
3:04 of 3rd period - Aleksi Heponiemi wins face-off versus Jake Leschyshyn in Canucks zone.
3:15 of 3rd period - Eetu Luostarinen is hit by Kristian Vesalainen and loses puck.
3:20 of 3rd period - Wrist shot by William Lockwood.
3:20 of 3rd period - Stopped by Karel Vejmelka without a rebound.
3:21 of 3rd period - Morgan Barron wins face-off versus Axel Holmstrom in Moose zone.
3:34 of 3rd period - Snap shot by Axel Holmstrom.
3:34 of 3rd period - Goal by Axel Holmstrom - Moose : 3 - Canucks : 3.
3:35 of 3rd period - Jake Leschyshyn wins face-off versus Axel Holmstrom in neutral zone.
3:49 of 3rd period - C.J. Smith is hit by Jake Leschyshyn and loses puck.
4:21 of 3rd period - Icing by William Lagesson.
4:22 of 3rd period - Lane Pederson wins face-off versus Mitchell Stephens in Canucks zone.
4:48 of 3rd period - Backhand shot by Josh Mahura.
4:48 of 3rd period - Stopped by Casey DeSmith with a rebound.
4:50 of 3rd period - Wrist shot by Jake Leschyshyn.
4:50 of 3rd period - Shot Misses the Net.
4:52 of 3rd period - Snap shot by Eetu Luostarinen.
4:52 of 3rd period - Stopped by Casey DeSmith with a rebound.
4:54 of 3rd period - Snap shot by Eetu Luostarinen.
4:54 of 3rd period - Stopped by Casey DeSmith without a rebound.
4:55 of 3rd period - Jake Leschyshyn wins face-off versus Axel Holmstrom in Canucks zone.
4:58 of 3rd period - Wrist shot by Eetu Luostarinen.
4:58 of 3rd period - Stopped by Casey DeSmith with a rebound.
5:56 of 3rd period - Minor Penalty to Pavel Gogolev for Tripping.
5:57 of 3rd period - Jake Leschyshyn wins face-off versus Juho Lammikko in Canucks zone.
7:05 of 3rd period - Jake Leschyshyn is hit by Jackson Hallum and loses puck.
7:52 of 3rd period - Josh Mahura is hit by Maxim Letunov and loses puck.
7:56 of 3rd period - Penalty to Pavel Gogolev is over, Pavel Gogolev is back on ice.
8:19 of 3rd period - Snap shot by Pavel Gogolev.
8:19 of 3rd period - Stopped by Karel Vejmelka with a rebound.
8:35 of 3rd period - Wrist shot by Maxim Letunov.
8:35 of 3rd period - Stopped by Karel Vejmelka with a rebound.
8:37 of 3rd period - Snap shot by Pavel Gogolev.
8:37 of 3rd period - Shot Misses the Net.
8:39 of 3rd period - Slapshot by Pavel Gogolev.
8:39 of 3rd period - Shot Misses the Net.
8:47 of 3rd period - Snap shot by Adam Ollas-Mattsson.
8:47 of 3rd period - Stopped by Karel Vejmelka without a rebound.
8:48 of 3rd period - Axel Holmstrom wins face-off versus Morgan Barron in Moose zone.
8:55 of 3rd period - Snap shot by Axel Holmstrom.
8:55 of 3rd period - Stopped by Karel Vejmelka with a rebound.
9:00 of 3rd period - Off-side.
9:01 of 3rd period - Jake Leschyshyn wins face-off versus Axel Holmstrom in neutral zone.
10:02 of 3rd period - Slapshot by Axel Jonsson-Fjallby.
10:02 of 3rd period - Stopped by Casey DeSmith with a rebound.
10:52 of 3rd period - William Lagesson is hit by Morgan Barron and loses puck.
11:12 of 3rd period - Slapshot by Joey Keane.
11:12 of 3rd period - Stopped by Casey DeSmith without a rebound.
11:13 of 3rd period - Lane Pederson wins face-off versus Jean-Luc Foudy in Canucks zone.
11:13 of 3rd period - Lane Pederson is hit by Jean-Luc Foudy.
11:23 of 3rd period - Slapshot by Daniil Miromanov.
11:23 of 3rd period - Shot Blocked by Adam Ginning.
11:58 of 3rd period - Wrist shot by Axel Jonsson-Fjallby.
11:58 of 3rd period - Shot Misses the Net.
12:05 of 3rd period - Off-side.
12:06 of 3rd period - Jake Leschyshyn wins face-off versus Axel Holmstrom in neutral zone.
12:13 of 3rd period - Snap shot by Morgan Geekie.
12:13 of 3rd period - Stopped by Casey DeSmith without a rebound.
12:14 of 3rd period - Jake Leschyshyn wins face-off versus Axel Holmstrom in Canucks zone.
12:17 of 3rd period - Backhand shot by Morgan Geekie.
12:17 of 3rd period - Stopped by Casey DeSmith with a rebound.
12:19 of 3rd period - Snap shot by Eetu Luostarinen.
12:19 of 3rd period - Shot Blocked by Adam Ollas-Mattsson.
12:21 of 3rd period - Snap shot by Eetu Luostarinen.
12:21 of 3rd period - Deflect By Jake Leschyshyn.
12:21 of 3rd period - Stopped by Casey DeSmith without a rebound.
12:22 of 3rd period - Jake Leschyshyn wins face-off versus Axel Holmstrom in Canucks zone.
13:14 of 3rd period - Off-side.
13:15 of 3rd period - Morgan Geekie wins face-off versus Axel Holmstrom in neutral zone.
13:26 of 3rd period - Wrist shot by Juho Lammikko.
13:26 of 3rd period - Shot Misses the Net.
13:47 of 3rd period - Slapshot by Tobias Lindberg.
13:47 of 3rd period - Shot Blocked by Adam Ginning.
14:39 of 3rd period - Slapshot by William Lockwood.
14:39 of 3rd period - Stopped by Karel Vejmelka without a rebound.
14:40 of 3rd period - Axel Holmstrom wins face-off versus Morgan Barron in Moose zone.
14:43 of 3rd period - Snap shot by Axel Holmstrom.
14:43 of 3rd period - Shot Misses the Net.
15:05 of 3rd period - Adam Ollas-Mattsson is hit by Cole Perfetti and loses puck.
15:20 of 3rd period - Minor Penalty to Isaak Phillips for Slashing.
15:21 of 3rd period - Axel Holmstrom wins face-off versus Eetu Luostarinen in Moose zone.
15:27 of 3rd period - Wrist shot by Juho Lammikko.
15:27 of 3rd period - Goal by Juho Lammikko - Moose : 3 - Canucks : 4.
15:28 of 3rd period - Axel Holmstrom wins face-off versus Jake Leschyshyn in neutral zone.
16:03 of 3rd period - Icing by Aliaksei Protas.
16:04 of 3rd period - Mitchell Stephens wins face-off versus Aleksi Heponiemi in Moose zone.
16:13 of 3rd period - Slapshot by Juuso Valimaki.
16:13 of 3rd period - Shot Hit the Post.
16:23 of 3rd period - Kristian Vesalainen is hit by Cole Perfetti and loses puck.
16:50 of 3rd period - Snap shot by Juuso Valimaki.
16:50 of 3rd period - Shot Blocked by Guillaume Brisebois.
16:52 of 3rd period - Wrist shot by Mitchell Stephens.
16:52 of 3rd period - Stopped by Casey DeSmith with a rebound.
16:54 of 3rd period - Slapshot by Juuso Valimaki.
16:54 of 3rd period - Stopped by Casey DeSmith with a rebound.
16:56 of 3rd period - Snap shot by Aliaksei Protas.
16:56 of 3rd period - Goal by Aliaksei Protas - Moose : 4 - Canucks : 4.
16:57 of 3rd period - Axel Holmstrom wins face-off versus Jake Leschyshyn in neutral zone.
17:02 of 3rd period - Icing by Jake Leschyshyn.
17:03 of 3rd period - Axel Holmstrom wins face-off versus Jake Leschyshyn in Moose zone.
17:52 of 3rd period - Slapshot by Logan O'Connor.
17:52 of 3rd period - Shot Misses the Net.
18:22 of 3rd period - Slapshot by Juho Lammikko.
18:22 of 3rd period - Stopped by Karel Vejmelka with a rebound.
18:38 of 3rd period - Snap shot by William Lockwood.
18:38 of 3rd period - Stopped by Karel Vejmelka with a rebound.
18:40 of 3rd period - Wrist shot by Aleksi Heponiemi.
18:40 of 3rd period - Stopped by Karel Vejmelka with a rebound.
18:42 of 3rd period - Snap shot by William Lockwood.
18:42 of 3rd period - Shot Blocked by Eetu Luostarinen.
18:44 of 3rd period - Slapshot by Will Borgen.
18:44 of 3rd period - Shot Misses the Net.
18:46 of 3rd period - Slapshot by Jack Rathbone.
18:46 of 3rd period - Stopped by Karel Vejmelka with a rebound.
18:56 of 3rd period - Slapshot by Lane Pederson.
18:56 of 3rd period - Stopped by Karel Vejmelka with a rebound.
18:58 of 3rd period - Slapshot by Guillaume Brisebois.
18:58 of 3rd period - Deflect By Pavel Gogolev.
18:58 of 3rd period - Stopped by Karel Vejmelka without a rebound.
18:59 of 3rd period - Pavel Gogolev wins face-off versus Jean-Luc Foudy in Moose zone.
19:00 of 3rd period - Wrist shot by Lane Pederson.
19:00 of 3rd period - Shot Misses the Net.
19:28 of 3rd period - Snap shot by Tobias Lindberg.
19:28 of 3rd period - Stopped by Karel Vejmelka without a rebound.
19:29 of 3rd period - Aleksi Heponiemi wins face-off versus Mitchell Stephens in Moose zone.
Goals for this period are 1 for Moose vs 2 for Canucks.
Shots for this period are 15 for Moose vs 16 for Canucks.

Overtime #1


0:01 of 1st overtime period - Morgan Geekie wins face-off versus Axel Holmstrom in neutral zone.
0:06 of 1st overtime period - Snap shot by Juuso Valimaki.
0:06 of 1st overtime period - Stopped by Casey DeSmith without a rebound.
0:07 of 1st overtime period - Morgan Geekie wins face-off versus Axel Holmstrom in Canucks zone.
0:12 of 1st overtime period - Slapshot by Eetu Luostarinen.
0:12 of 1st overtime period - Shot Misses the Net.
1:26 of 1st overtime period - Snap shot by Morgan Geekie.
1:26 of 1st overtime period - Shot Misses the Net.
1:28 of 1st overtime period - Slapshot by Morgan Geekie.
1:28 of 1st overtime period - Deflect By Eetu Luostarinen.
1:28 of 1st overtime period - Stopped by Casey DeSmith with a rebound.
2:38 of 1st overtime period - Wrist shot by Eetu Luostarinen.
2:38 of 1st overtime period - Goal by Eetu Luostarinen - Moose : 5 - Canucks : 4.
Goals for this period are 1 for Moose vs 0 for Canucks.
Shots for this period are 3 for Moose vs 0 for Canucks.